 Dungeon Crawl Stone Soup version 0.30-a0-718-geaa24f58ff (webtiles) character file.

Game seed: 15329237821526308524

59978 RapScallion the Severer (level 14, 0/140 HPs)
             Began as a Hill Orc Fighter on Jan 26, 2023.
             Was a High Priest of Okawaru.
             Slain by an 11-headed hydra (1 damage)
             ... on level 4 of the Lair of Beasts.
             The game lasted 01:35:26 (19098 turns).

RapScallion the Severer (Hill Orc Fighter)         Turns: 19098, Time: 01:35:26

Health: 0/140      AC: 23    Str: 26    XL:     14   Next: 97%
Magic:  21/21      EV: 10    Int: 12    God:    Okawaru [*****.]
Gold:   452        SH:  0    Dex: 10    Spells: 13/13 levels left

rFire   + + +      SeeInvis +    C - +4 broad axe (elec)
rCold   x . .      Faith    .    (no shield)
rNeg    . . .      Spirit   .    a - +1 fire dragon scales "Hiyddum" {rF++ rC- Str+2 Int+4}
rPois   +          Reflect  .    r - +2 helmet
rElec   .          Harm     .    x - +0 cloak
rCorr   .          Rampage  +    s - +0 pair of gloves of Focus {-Tele Regen+ SInv}
Will    +....      NoTele   +    G - +2 pair of boots {rampage} Stlth
                                 g - amulet of the acrobat
HPRegen 1.23/turn                I - ring of poison resistance
MPRegen 0.17/turn                O - ring of protection from fire

@: no status effects
A: no striking features
a: Renounce Religion, Heroism, Finesse, Duel


You were on level 4 of the Lair of Beasts.
You worshipped Okawaru.
Okawaru was extremely pleased with you.
You visited 4 branches of the dungeon, and saw 19 of its levels.
You also visited: Volcano.

You collected 2569 gold pieces.
You spent 2117 gold pieces at shops.

Inventory:

Hand Weapons
 C - a +4 broad axe of electrocution (weapon)
 E - a +0 battleaxe of freezing
 Q - a +1 broad axe
 T - a +2 battleaxe of flaming
Armour
 a - the +1 fire dragon scales "Hiyddum" (worn) {rF++ rC- Str+2 Int+4}
   (You bought it in a shop on level 2 of the Orcish Mines)

   Str:       It affects your strength (+2).
   Int:       It affects your intelligence (+4).
   rF:        It greatly protects you from fire.
   rC:        It makes you vulnerable to cold.
 c - a +0 buckler
 r - a +2 helmet (worn)
 s - the +0 pair of gloves of Focus (worn) {-Tele Regen+ SInv}
   (Okawaru gifted it to you on level 2 of the Lair of Beasts)

   SInv:      It lets you see invisible.
   -Tele:     It prevents most forms of teleportation.
   Regen:     It increases your rate of health regeneration.
 w - a +1 pair of gloves of hurling
 x - a +0 cloak (worn)
 G - a +2 pair of boots of rampaging (worn)
 J - a +4 ring mail of fire resistance
Jewellery
 e - a ring of positive energy
 g - an amulet of the acrobat (around neck)
 m - a +4 ring of protection
 H - a ring of positive energy
 I - a ring of poison resistance (left hand)
 K - a ring of see invisible
 O - a ring of protection from fire (right hand)
Wands
 S - a wand of mindburst (6)
Scrolls
 b - 2 scrolls of fear
 k - 3 scrolls of noise
 l - 4 scrolls of teleportation
 p - 3 scrolls of blinking
 t - 6 scrolls of immolation
 v - 3 scrolls of silence
 A - 5 scrolls of magic mapping
 B - 3 scrolls of amnesia
 N - a scroll of enchant armour
Potions
 d - 2 potions of might
 f - 5 potions of lignification
 h - 5 potions of curing
 i - 3 potions of ambrosia
 j - 5 potions of heal wounds
 o - a potion of magic
 q - 2 potions of cancellation
 u - 2 potions of flight
 z - a potion of resistance
 D - 2 potions of haste
 F - 2 potions of brilliance
 L - 2 potions of degeneration
 M - 2 potions of mutation


   Skills:
 + Level 17.0 Fighting
 + Level 19.0 Axes
 + Level 12.7 Armour
 + Level 2.3 Dodging
 - Level 10.0 Shields
 - Level 10.0 Invocations


You had 13 spell levels left.
You didn't know any spells.
Your spell library contained the following spells:

 Spells                   Type           Power      Damage    Failure   Level
 Necrotise                Necr           0%         1d4       56%         1
 Shock                    Conj/Air       0%         1d3       56%         1
 Poisonous Vapours        Pois/Air       0%         N/A       71%         2
 Scorch                   Fire           0%         2d5       71%         2
 Sublimation of Blood     Necr           0%         N/A       71%         2
 Wereblood                Tmut           0%         N/A       71%         2
 Dazzling Flash           Conj/Hex       0%         N/A       91%         3
 Portal Projectile        Hex/Tloc       0%         N/A       91%         3
 Vampiric Draining        Necr           0%         2d6       91%         3
 Flame Wave               Conj/Fire      0%         2d4       100%        4
 Leda's Liquefaction      Hex/Erth       0%         N/A       100%        4
 Manifold Assault         Tloc           0%         N/A       100%        4
 Agony                    Necr           0%         N/A       100%        5
 Alistair's Intoxication  Tmut/Pois      0%         N/A       100%        5
 Borgnjor's Vile Clutch   Necr/Erth      0%         N/A       100%        5
 Freezing Cloud           Conj/Ice/Air   0%         6-21      100%        5
 Lee's Rapid Deconstruct  Erth           0%         3d4*      100%        5
 Lightning Bolt           Conj/Air       0%         1d11      100%        5
 Silence                  Hex/Air        0%         N/A       100%        5
 Conjure Ball Lightning   Conj/Air       0%         3x3d6     100%        6
 Dispersal                Tloc           0%         N/A       100%        6
 Eringya's Noxious Bog    Tmut/Pois      0%         N/A       100%        6
 Statue Form              Tmut/Erth      0%         N/A       100%        6
 Discord                  Hex            0%         N/A       100%        8
 Disjunction              Tloc           0%         N/A       100%        8
 Call Canine Familiar     Summ           Unusable   N/A       N/A         3
 Summon Cactus Giant      Summ           Unusable   N/A       N/A         6
 Malign Gateway           Summ/Tloc      Unusable   N/A       N/A         7
 Summon Hydra             Summ           Unusable   N/A       N/A         7

Dungeon Overview and Level Annotations

Branches:
Dungeon (12/15)            Temple (1/1) D:7            Lair (4/5) D:9
  Swamp (0/4) Lair:3       Spider (0/4) Lair:3          Orc (2/2) D:12
    Elf (0/3) Orc:2       Volcano (visited)
  Slime: Lair:4-5

Altars:
Ashenzari
Cheibriados
Dithmenos
Elyvilon
Fedhas
Gozag
Hepliaklqana
Kikubaaqudgha
Makhleb
Nemelex Xobeh
Okawaru
Qazlal
Ru
Sif Muna
Trog
Uskayaw
Vehumet
Wu Jian
Xom
Yredelemnul
Zin
The Shining One
Beogh

Shops:
D:8 =   D:10 [   D:11 :   D:12 *   Orc:2 *:!(

Annotations:
D:2 1 runed translucent door, Crazy Yiuf
D:5 2 transporters, valliere's ghost, novice DrAr
D:9 2 transporters, wormed's ghost, journeyman DEFE


Message History

You hack one of the eight-headed hydra's heads off!
The seven-headed hydra grows two more!
You slice the nine-headed hydra!!
Lightning courses through the nine-headed hydra!
The blink frog completely misses you.
Unknown command.
You hit the blink frog.
The blink frog is heavily wounded.
You slice one of the nine-headed hydra's heads off!
The eight-headed hydra grows two more!
You hit the ten-headed hydra.
Lightning courses through the ten-headed hydra!
The ten-headed hydra bites you but does no damage.
The ten-headed hydra barely misses you. The ten-headed hydra bites you!
* * * LOW HITPOINT WARNING * * *
The ten-headed hydra bites you but does no damage. x5
The ten-headed hydra closely misses you.
The ten-headed hydra bites you but does no damage.
The dream sheep ruffle their wool and motes of dream dust sparkle, to no effect.
You slash the blink frog!
The blink frog is almost dead.
You lop one of the ten-headed hydra's heads off!
The nine-headed hydra grows two more!
You slash the 11-headed hydra! You barely miss the dream sheep.
The blink frog hits you but does no damage.
The dream sheep bites you.
* * * LOW HITPOINT WARNING * * *
The 11-headed hydra bites you!
* * * LOW HITPOINT WARNING * * *
The 11-headed hydra bites you but does no damage.
The 11-headed hydra bites you!
* * * LOW HITPOINT WARNING * * *
The 11-headed hydra bites you but does no damage. x2
The 11-headed hydra bites you.
* * * LOW HITPOINT WARNING * * *
The 11-headed hydra bites you.
* * * LOW HITPOINT WARNING * * *
The 11-headed hydra bites you but does no damage.
The 11-headed hydra bites you.
* * * LOW HITPOINT WARNING * * *
The 11-headed hydra closely misses you. The 11-headed hydra bites you.
You die...

## ### #####
##P##P##.....
####............
.YY.............
#.F........
#.Y@.......
#Y#.D.......
...+†........
F8.. ..........
......+.###.....
##.#..### ###..
.... # ##. #


You could see a 11-headed hydra, a blink frog and 2 dream sheep.

Vanquished Creatures
  Rupert (D:12)
  Kirke (D:12)
  2 orc warlords (Orc:1)
  A stone giant (Volcano)
  An ettin (Orc:1)
  Josephine (D:12)
  Fannar (D:12)
  4 ogre magi (Orc:2)
  19 two-headed ogres
  A catoblepas (Lair:2)
  2 boulder beetles
  5 death yaks (Lair:2)
  Pikel (D:5)
  3 orc knights (Orc:1)
  2 manticores (D:12)
  2 orc sorcerers (Orc:1)
  2 ugly things
  A black mamba (Lair:2)
  5 cane toads
  A torpor snail (Lair:3)
  Maggie (D:6)
  2 kobold demonologists (D:11)
  7 komodo dragons
  An efreet (Volcano)
  6 trolls
  A polar bear (Lair:1)
  Grinder (D:6)
  10 blink frogs
  2 hornets
  4 dream sheep (Lair:3)
  2 shadows
  A vampire (D:12)
  4 wyverns
  Eustachio (D:6)
  28 yaks
  9 wraiths
  4 hogs (D:12)
  A fire elemental (Volcano)
  2 basilisks
  8 vampire mosquitoes
  6 wargs
  Menkaure (D:7)
  5 acid dragons
  11 water moccasins
  28 orc warriors
  Duvessa (D:6)
  An ice beast (D:5)
  27 ogres
  2 black bears
  3 centaurs
  13 wolves
  A phantom (D:6)
  5 kobold brigands
  4 necrophages
  9 bullfrogs
  2 earth elementals (Volcano)
  2 scorpions (D:5)
  8 wights
  Dowan (D:6)
  7 howler monkeys
  3 electric eels
  5 hounds
  16 orc priests
  3 iguanas
  A jelly (D:5)
  A gnoll bouda (Orc:1)
  31 orc wizards
  Ijyb (D:3)
  12 gnolls
  An adder (D:4)
  A shadow imp (D:5)
  2 white imps
  An ufetubus (D:6)
  4 worms
  A dart slug (D:1)
  66 orcs
  9 endoplasms
  A giant cockroach (D:1)
  5 goblins
  8 hobgoblins
  11 jackals
  19 kobolds
  5 quokkas
  9 ball pythons
  7 bats
  3 frilled lizards (D:2)
  10 rats
524 creatures vanquished.

Vanquished Creatures (others)
  2 fungi
  24 plants
26 creatures vanquished.

Grand Total: 550 creatures vanquished

Notes
Turn   | Place    | Note
-------+----------+-------------------------------------------
     0 | D:1      | RapScallion the Hill Orc Fighter began the quest for the
                  | Orb.
     0 | D:1      | Reached XP level 1. HP: 19/19 MP: 1/1
   112 | D:1      | Reached XP level 2. HP: 26/27 MP: 2/2
   200 | D:1      | Found a faded altar of an unknown god.
   743 | D:1      | Reached XP level 3. HP: 24/34 MP: 3/3
  1052 | D:2      | Reached skill level 3 in Axes
  1393 | D:2      | Reached XP level 4. HP: 40/41 MP: 4/4
  1707 | D:2      | Found a runed translucent door.
  1708 | D:2      | Noticed Crazy Yiuf
  1838 | D:3      | Reached skill level 4 in Axes
  2137 | D:3      | Noticed Ijyb
  2159 | D:3      | Killed Ijyb
  2355 | D:3      | Reached XP level 5. HP: 47/47 MP: 5/5
  2357 | D:3      | Reached skill level 5 in Axes
  2734 | D:4      | Reached skill level 6 in Axes
  2806 | D:4      | Reached skill level 5 in Fighting
  2806 | D:4      | Reached XP level 6. HP: 55/56 MP: 6/6
  3034 | D:4      | Reached skill level 7 in Axes
  3205 | D:5      | Entered Level 5 of the Dungeon
  3205 | D:5      | Noticed an ice beast
  3243 | D:5      | Killed an ice beast
  3244 | D:5      | Reached skill level 8 in Axes
  3244 | D:5      | Reached XP level 7. HP: 61/61 MP: 7/7
  3281 | D:5      | Reached skill level 9 in Axes
  3314 | D:5      | Found a transporter.
  3346 | D:5      | Noticed valliere's ghost (novice DrAr)
  3361 | D:5      | Found a transporter.
  3370 | D:5      | Identified the +0 scale mail of the Harp {rF+}
  3370 | D:5      | Identified the +5 kite shield of the World {rCorr Dex+3}
  3494 | D:5      | Reached skill level 10 in Axes
  3662 | D:5      | Reached XP level 8. HP: 66/68 MP: 8/8
  3670 | D:5      | Reached skill level 11 in Axes
  3856 | D:5      | Noticed Pikel
  3884 | D:5      | Killed Pikel
  3885 | D:5      | Reached skill level 12 in Axes
  3963 | D:5      | Found a sacrificial altar of Ru.
  3965 | D:5      | Found a hide-covered altar of Uskayaw.
  3969 | D:5      | Found a shimmering blue altar of Sif Muna.
  3970 | D:5      | Found a basalt altar of Yredelemnul.
  4105 | D:5      | Reached skill level 13 in Axes
  4197 | D:6      | Noticed Duvessa
  4210 | D:6      | Killed Duvessa
  4211 | D:6      | Noticed Dowan
  4217 | D:6      | Killed Dowan
  4218 | D:6      | Reached XP level 9. HP: 55/74 MP: 9/9
  4381 | D:6      | Reached skill level 14 in Axes
  4464 | D:6      | Noticed Grinder
  4473 | D:6      | Killed Grinder
  4577 | D:6      | Noticed Eustachio
  4593 | D:6      | Killed Eustachio
  4594 | D:6      | Reached skill level 15 in Axes
  4688 | D:6      | Noticed Maggie
  4697 | D:6      | Killed Maggie
  4868 | D:6      | Reached skill level 16 in Axes
  4881 | D:6      | Reached skill level 17 in Axes
  4881 | D:6      | Reached XP level 10. HP: 64/81 MP: 10/10
  5464 | D:7      | Found a staircase to the Ecumenical Temple.
  5474 | Temple   | Entered the Ecumenical Temple
  5546 | Temple   | Became a worshipper of Warmaster Okawaru
  5898 | D:7      | Reached skill level 18 in Axes
  5911 | D:7      | Noticed Menkaure
  5933 | D:7      | Killed Menkaure
  6376 | D:8      | Noticed a two-headed ogre
  6387 | D:8      | Killed a two-headed ogre
  6387 | D:8      | Reached * piety under Okawaru
  6388 | D:8      | Reached skill level 5 in Armour
  6676 | D:8      | Found a radiant altar of Vehumet.
  6753 | D:8      | Found Sebev's Jewellery Shoppe.
  6806 | D:8      | You fall into a shaft and drop 1 floor!
  6836 | D:9      | Found a staircase to the Lair.
  7083 | D:9      | Noticed a two-headed ogre
  7101 | D:9      | Killed a two-headed ogre
  7101 | D:9      | Reached ** piety under Okawaru
  7102 | D:9      | Reached XP level 11. HP: 82/92 MP: 8/11
  7192 | D:9      | Found a transporter.
  7196 | D:9      | Found a transporter.
  7198 | D:9      | Noticed wormed's ghost (journeyman DEFE)
  7222 | D:9      | Reached skill level 1 in Invocations
  7598 | D:8      | Found an ornate altar of the Wu Jian Council.
  8152 | D:9      | Noticed a two-headed ogre
  8161 | D:9      | Killed a two-headed ogre
  8585 | D:10     | Entered Level 10 of the Dungeon
  8622 | D:10     | Found Wyul's Antique Armour Shop.
  8664 | D:10     | Bought a pair of glowing boots for 232 gold pieces
  8712 | D:10     | Reached skill level 5 in Shields
  9085 | D:10     | Noticed a cyan ugly thing
  9087 | D:10     | Reached *** piety under Okawaru
  9102 | D:10     | Killed a cyan ugly thing
  9622 | D:11     | Reached skill level 10 in Fighting
  9927 | D:11     | Noticed a two-headed ogre
  9940 | D:11     | Killed a two-headed ogre
  9940 | D:11     | Reached **** piety under Okawaru
  9941 | D:11     | Reached skill level 10 in Armour
  9941 | D:11     | Reached XP level 12. HP: 43/106 MP: 12/15
  9943 | D:11     | Reached skill level 5 in Invocations
 10158 | D:11     | Found Wohoyt's Book Shop.
 10565 | D:12     | Found a staircase to the Orcish Mines.
 10627 | D:12     | Found a roughly hewn altar of Beogh.
 11027 | D:12     | Noticed Fannar
 11051 | D:12     | Killed Fannar
 11328 | D:12     | Noticed Josephine
 11333 | D:12     | Found Xisk's General Store.
 11344 | D:12     | Killed Josephine
 11516 | D:12     | Found a burning altar of Makhleb.
 11516 | D:12     | Noticed a balrug
 11519 | D:12     | Noticed a boulder beetle
 11539 | D:12     | Killed a boulder beetle
 11582 | D:12     | Noticed Rupert
 11599 | D:12     | Killed Rupert
 11599 | D:12     | Reached ***** piety under Okawaru
 12029 | D:12     | Noticed Kirke
 12565 | D:12     | Killed Kirke
 12731 | Orc:1    | Entered Level 1 of the Orcish Mines
 12863 | Orc:1    | Noticed an ettin
 12879 | Orc:1    | Reached XP level 13. HP: 61/119 MP: 16/19
 12880 | Orc:1    | Killed an ettin
 13466 | Orc:1    | Found a roughly hewn altar of Beogh.
 13740 | Orc:1    | Noticed an orc warlord
 13754 | Orc:1    | Killed an orc warlord
 13799 | Orc:1    | Paralysed by an orc sorcerer for 2 turns
 13851 | Orc:1    | Received a gift from Okawaru
 13990 | Orc:1    | Noticed an orc warlord
 14004 | Orc:1    | Killed an orc warlord
 14452 | Orc:2    | Entered Level 2 of the Orcish Mines
 14667 | Orc:2    | Identified the +1 robe of Lewn {rPois rN+ Str+2 Dex+3}
                  | (Okawaru gifted it to you on level 2 of the Orcish Mines)
 14667 | Orc:2    | Received a gift from Okawaru
 14714 | Orc:2    | Reached skill level 15 in Fighting
 14972 | Orc:2    | Reached skill level 10 in Invocations
 15012 | Orc:2    | Reached XP level 14. HP: 115/136 MP: 21/21
 15377 | Orc:2    | Found Vaggap Hach's Book Boutique.
 15377 | Orc:2    | Found Porchasu's Weapon Emporium.
 15378 | Orc:2    | Found Pobeg's Assorted Antiques.
 15378 | Orc:2    | Found Wuzo's Distillery.
 15551 | Orc:2    | Found a staircase to the Elven Halls.
 15820 | Orc:1    | Identified a scroll of acquirement
 15820 | Orc:1    | Acquired 511 gold pieces
 15877 | Orc:2    | Bought jewelled fire dragon scales for 1885 gold pieces
 15877 | Orc:2    | Identified the +1 fire dragon scales "Hiyddum" {rF++ rC-
                  | Str+2 Int+4} (You bought it in a shop on level 2 of the
                  | Orcish Mines)
 15964 | Lair:1   | Entered Level 1 of the Lair of Beasts
 16280 | Lair:1   | Found a transporter.
 16286 | Lair:1   | Found a transporter.
 16589 | Lair:1   | Received a gift from Okawaru
 16898 | Lair:2   | Reached skill level 1 in Dodging
 17337 | Lair:2   | Identified the +0 pair of gloves of Focus {-Tele Regen+
                  | SInv} (Okawaru gifted it to you on level 2 of the Lair of
                  | Beasts)
 17337 | Lair:2   | Received a gift from Okawaru
 17475 | Lair:2   | Found a dark tunnel.
 17485 | Volcano  | Entered a volcano
 17511 | Volcano  | Noticed a stone giant
 17519 | Volcano  | Killed a stone giant
 18425 | Lair:3   | Got Gulil's Exposition on Fuming Production
 18663 | Lair:3   | Reached skill level 10 in Shields
 18670 | Lair:3   | Found a staircase to the Swamp.
 18680 | Lair:3   | Found a hole to the Spider Nest.
 18751 | Lair:3   | Reached skill level 19 in Axes
 19098 | Lair:4   | HP: 4/140 [11-headed hydra (6)]
 19098 | Lair:4   | HP: 1/140 [11-headed hydra (3)]
 19098 | Lair:4   | Slain by an 11-headed hydra

Illustrated notes

Levels and vault maps discovered:
D:1:      evilmike_arrival_crescent, layout_loops_ring,
          dreamdust_ecumenical_altar_grove, nicolae_wormholes
D:2:      layout_basic, uniq_crazy_yiuf_cottage
D:3:      layout_basic, uniq_ijyb
D:4:      layout_basic
D:5:      layout_rooms, minitemple, gammafunk_ghost_gnarly_gnolls,
          minmay_misc_feat_rows, grunt_ministairs_10, uniq_pikel
D:6:      layout_basic, chequers_serial_rivers_large_b, hangedman_glass_teeth,
          uniq_grinder, uniq_duvessa, uniq_maggie, uniq_eustachio
D:7:      layout_cave_pools, minmay_temple_entry_overgrown,
          kennysheep_opposing_triangles, uniq_menkaure
D:8:      layout_cave_pools, pdpol_wu_jian_five_deadly_venoms, kennysheep_mini,
          nicolae_take_the_stairs
D:9:      layout_roguey, erik_lair_orcish_takeover, gammafunk_ghost_hive
D:10:     layout_gridville, serial_shops,
          nicolae_shop_temple_entry_statues_fountains
D:11:     layout_basic, serial_shops, shop, minmay_fractal_squares_diagonal_5
D:12:     layout_rooms, minmay_orc_entry_temple_small, serial_corexii_hall,
          chequers_hall_statues_y, corexii_hall_statues_l,
          chequers_hall_statues_y, corexii_hall_statues_l,
          corexii_hall_statues_u, corexii_hall_statues_l, serial_shops, shop,
          makhleb_altar_promises_db, uniq_fannar, uniq_rupert, uniq_josephine,
          uniq_kirke
Temple:   eino_temple_rhombus
Lair:1:   gammafunk_boulding_lane, layout_cave_shapes,
          nicolae_lair_grove_arrangements, grunt_megastairs_4
Lair:2:   layout_chaotic_city, nicolae_volcano_entry_hallway, serial_bayou,
          serial_bayou_pond_b, serial_bayou_lagoon_b, serial_bayou_crossing,
          serial_bayou_lagoon_a, serial_bayou_pond_a, serial_bayou_shore_b
Lair:3:   layout_gridlike, minmay_swamp_entry_swarm, dummy_spider_entry,
          serial_bayou, serial_bayou_shore_a, serial_bayou_shore_b,
          serial_bayou_pond_d, serial_bayou_pond_e
Lair:4:   layout_hall_layers, slime_entry_1, grunt_megastairs_1
Orc:1:    layout_caves, basic_altar, minmay_orc_treasury
Orc:2:    st_orc_ogre_mass, layout_caves

Skill      XL: |  1  2  3  4  5  6  7  8  9 10 11 12 13 14 |
---------------+-------------------------------------------+-----
Fighting       | 4 5 7 10 12 15 17 | 17.0
Axes           | 3 4 6 8 10 13 17 18 19 | 19.0
Armour         | 6 10 11 12 | 12.7
Shields        | 4 5 7 10 | 10.0
Invocations    | 4 8 10 | 10.0
Dodging        | 2 |  2.3

Action                     |  1- 3 |  4- 6 |  7- 9 | 10-12 | 13-15 || total
---------------------------+-------+-------+-------+-------+-------++-------
  Melee: War axe           |   143 |   121 |   146 |       |       ||   410
         Broad axe         |       |       |    21 |   456 |   529 ||  1006
         Unarmed           |       |       |       |    16 |       ||    16
 Invoke: Heroism           |       |       |       |    17 |    14 ||    31
         Finesse           |       |       |       |     2 |     2 ||     4
    Use: Scroll            |     3 |     9 |     5 |    16 |     9 ||    42
         Potion            |       |     1 |     1 |     3 |     1 ||     6
   Stab: Distracted        |       |       |     1 |       |       ||     1
 Armour: Scale mail        |    60 |    45 |    45 |    66 |       ||   216
         Ring mail         |       |       |       |    72 |    67 ||   139
         Skin              |       |       |       |     1 |       ||     1
         Fire dragon scale |       |       |       |       |   113 ||   113
  Dodge: Dodged            |    70 |    68 |    77 |   185 |   204 ||   604
  Block: Buckler           |    38 |    38 |    38 |    76 |   107 ||   297

Table legend: (Time is in decaauts)
 A = Elapsed time spent in this place.
 B = Non-inter-level travel time spent in this place.
 C = Inter-level travel time spent in this place.
 D = Time resting spent in this place.
 E = Time spent auto-exploring this place.
 F = Levels seen in this place.
 G = Mean time per level.
                   A        B        C        D        E       F      G
               +--------+--------+--------+--------+--------+-----+--------+
         Total |  18953 |  18266 |    687 |   6026 |   3717 |  20 |  947.7 |
       Dungeon |  12551 |  12132 |    419 |   4291 |   2075 |  12 | 1045.9 |
        Temple |    179 |    162 |     17 |      0 |    148 |   1 |  179.0 |
          Lair |   2887 |   2807 |     80 |    357 |   1240 |   4 |  721.8 |
  Orcish Mines |   3104 |   2934 |    170 |   1361 |    182 |   2 | 1552.0 |
       Volcano |    229 |    229 |      0 |     17 |     71 |   1 |  229.0 |
               +--------+--------+--------+--------+--------+-----+--------+

Top non-repeatable levels by time:
   Orc:1: 2153 daAuts
    D:12: 1928 daAuts
     D:9: 1537 daAuts
    D:11: 1149 daAuts
  Lair:2: 1101 daAuts
     D:1: 1077 daAuts
    D:10: 1002 daAuts
     D:6: 989 daAuts
     D:5: 987 daAuts
     D:7: 976 daAuts
   Orc:2: 950 daAuts
  Lair:1: 912 daAuts
  Lair:3: 861 daAuts
     D:3: 798 daAuts
     D:2: 745 daAuts
